 Dungeon Crawl Stone Soup version 0.16.0-18-g484a79e (webtiles) character file.

278 inmateoo the Insei (level 6, 0/38 HPs)
             Began as an Octopode Transmuter on Mar 23, 2015.
             Succumbed to a scorpion's poison
             ... on level 3 of the Dungeon.
             The game lasted 00:07:17 (5158 turns).

inmateoo the Insei (Octopode Transmuter)            Turns: 5158, Time: 00:07:18

Health: 0/38       AC:  1    Str:  9    XL:     6   Next: 26%
Magic:  11/13      EV: 12    Int: 18    God:
Gold:   199        SH:  0    Dex: 12    Spells: 3 memorised, 5 levels left

rFire  + . .     SeeInvis .     b - 86 arrows
rCold  + . .     Clarity  .     (no shield)
rNeg   . . .     SustAb   .     (helmet restricted)
rPois  +         Gourm    .     (no amulet)
rElec  +         Spirit   .     (no ring)
rCorr  +         Warding  .     (no ring)
rMut   .         Stasis   .     (no ring)
MR     .....                    (no ring)
Stlth  ++........               (no ring)
                                (no ring)
                                (no ring)
                                (no ring)

@: lethally poisoned (0 -> -14), resistant, very slightly contaminated, hasted,
very quick, not resistant to hostile enchantments, unstealthy
A: almost no armour, amphibious, 8 rings, constrict 8, camouflage 1, gelatinous
body 1
a: no special abilities


You were on level 3 of the Dungeon.
You were very hungry.

You visited 1 branch of the dungeon, and saw 4 of its levels.

You collected 199 gold pieces.

Inventory:

Missiles
 b - 86 arrows (in tentacle)
 h - a throwing net (quivered)
Jewellery
 e - an uncursed ring of ice
Magical devices
 v - a wand of frost (6)
Scrolls
 g - 4 scrolls of remove curse
 k - 3 scrolls of magic mapping
 m - a scroll of enchant weapon {unknown}
 n - 2 scrolls of teleportation {unknown}
 o - 2 scrolls of identify {unknown}
 s - a scroll of recharging {unknown}
 u - a scroll of blinking
Potions
 i - a potion of invisibility
 j - a potion of degeneration {unknown}
 l - a potion of cancellation {unknown}
 p - a potion of poison {unknown}
Books
 d - a book of Changes

   Spells                             Type                      Level
   a - Beastly Appendage              Transmutation                1
   b - Sticks to Snakes               Transmutation                2
   c - Spider Form                    Transmutation/Poison         3
   d - Ice Form                       Ice/Transmutation            4
   e - Blade Hands                    Transmutation                5
 t - a book of Enchantments

   Spells                             Type                      Level
   a - Tukima's Dance                 Hexes                        3
   b - Cause Fear                     Hexes                        4
   c - Silence                        Hexes/Air                    5
   d - Deflect Missiles               Charms/Air                   6
   e - Haste                          Charms                       6
   f - Discord                        Hexes                        8
Comestibles
 a - 4 bread rations
 f - a beef jerky
 q - a meat ration


   Skills:
 - Level 1.0 Fighting
 - Level 2.0 Dodging
 * Level 4.8 Unarmed Combat
 + Level 3.1 Spellcasting
 * Level 4.2 Transmutations


You had 5 spell levels left.
You knew the following spells:

 Your Spells              Type           Power        Failure   Level  Hunger
a - Beastly Appendage     Trmt           ###...       2%          1    None
b - Sticks to Snakes      Trmt           ###.......   4%          2    ##.....
c - Spider Form           Trmt/Pois      ##........   24%         3    ###....


Dungeon Overview and Level Annotations

Branches:
Dungeon (4/15)
 Temple: D:4-7

Altars:
Fedhas


Innate Abilities, Weirdness & Mutations

You cannot wear most types of armour.
You are amphibious.
You can wear up to eight rings at the same time.
You can use your tentacles to constrict many enemies at once.
Your skin changes colour to match your surroundings (Stealth).
Your rubbery body absorbs attacks (AC +1).


Message History

Confirm with . or Enter, or press ? or * to list all spells.
You create a snake!
You are feeling very hungry.
The scorpion stings you.
* * * LOW HITPOINT WARNING * * *
You are lethally poisoned!
The scorpion poisons you!
* * * LOW HITPOINT WARNING * * *
You feel sick.
Drink which item? (? for menu, Esc to quit)
It was a potion of haste.
You feel yourself speed up.
* * * LOW HITPOINT WARNING * * *
You feel sick.
Your adder barely misses the scorpion.
The scorpion stings you.
* * * LOW HITPOINT WARNING * * *
You are very lightly contaminated with residual magic.
Unknown command.
Drink which item? (? for menu, Esc to quit)
It was a potion of resistance.
You feel protected.
You die...

#.###.#.#.#.#.#.#.#.#.#.#.
#.###..)..................
#.##.#.#.#.#.#.#.#.#.#.#.#
#.###.....................
#>....#.#.#.#.#.#.#.#.#.#.
#.####....................
#.####.#.#.#.#.#.#.#.#.#.#
#.#.....sS..............##
#.#.###.#@#.#.#.#.#.#.#... #.#.#
##..................
#.#.####.#.#.#.#.#.#.#....
########.#.......................
.........#.......#.#.#.#.#.#.....
.#########..................##...
.#.....###.......#?##.#..........
.#...............#.##.#.########.
.#####.###.......#.##.#..........


You could see a scorpion and a friendly adder.

Vanquished Creatures
  An orc priest (D:3)
  An orc wizard (D:3)
  A gnoll (D:1)
  8 adders
  A worm (D:2)
  A giant mite (D:3)
  2 giant geckos (D:3)
  8 orcs (D:3)
  A ball python (D:1)
  4 bats
  7 hobgoblins
  6 jackals
  7 kobolds
  2 oozes
  3 giant cockroaches
  5 giant newts
  11 goblins
  A quokka (D:2)
  5 rats
75 creatures vanquished.

Vanquished Creatures (collateral kills)
  Sigmund (D:3)
1 creature vanquished.

Grand Total: 76 creatures vanquished

Notes
Turn   | Place    | Note
--------------------------------------------------------------
     0 | D:1      | inmateoo, the Octopode Transmuter, began the quest for the Orb.
     0 | D:1      | Reached XP level 1. HP: 13/13 MP: 3/3
   359 | D:1      | Reached XP level 2. HP: 2/18 MP: 2/4
  1086 | D:1      | Reached XP level 3. HP: 23/23 MP: 6/6
  1590 | D:2      | Learned a level 2 spell: Sticks to Snakes
  1594 | D:2      | Learned a level 3 spell: Spider Form
  1630 | D:2      | Found a blossoming altar of Fedhas.
  1785 | D:2      | Reached XP level 4. HP: 24/28 MP: 6/8
  2027 | D:2      | Reached skill level 4 in Unarmed Combat
  2811 | D:3      | Reached XP level 5. HP: 27/33 MP: 7/9
  3107 | D:3      | Noticed Sigmund
  3705 | D:3      | HP: 1/33 [orc/trident (6)]
  4497 | D:3      | Reached XP level 6. HP: 34/38 MP: 12/12
  5074 | D:3      | Killed Sigmund
  5157 | D:3      | HP: 1/38 [scorpion (4)]
  5158 | D:3      | Succumbed to a scorpion's poison

Action                   |  1- 3 |  4- 6 || total
-------------------------+-------+-------++-------
Melee: Unarmed           |    80 |   124 ||   204
Throw: Throwing net      |     1 |       ||     1
 Cast: Beastly Appendage |    12 |    17 ||    29
       Sticks to Snakes  |       |     5 ||     5
       Spider Form       |       |     1 ||     1
  Use: Scroll            |     6 |       ||     6
       Potion            |       |     3 ||     3
 Stab: Sleeping          |     1 |     5 ||     6
       Distracted        |       |     2 ||     2
  Eat: Chunk             |     3 |    10 ||    13
